[Event "German Bundesliga 2021-22"]
[Site "Germany"]
[Date "2022.04.30"]
[Round "5.12"]
[White "Saric, Ivan"]
[Black "Neef, Maximilian"]
[Result "1-0"]
[ECO "C10"]
[WhiteElo "2678"]
[BlackElo "2504"]
[Annotator "TA"]
[PlyCount "119"]
[EventDate "2022.03.05"]
[EventType "team-tourn"]
[EventCountry "GER"]
[SourceTitle "playchess.com"]
[Source "ChessBase"]
[SourceQuality "1"]
[TimeControl "40/5400+30:1800+30"]

1. e4 e6 2. d4 d5 3. Nc3 dxe4 4. Nxe4 Bd7 5. Nf3 Bc6 6. Bd3 Nd7 7. O-O Ngf6 8. Re1 Nxe4 {[%emt 0:00:00] 8...Nxe4 scores better than 8...Be7.} 9. Bxe4 Bxe4 10. Rxe4 Be7 {[%emt 0:00:00] C10: French with 3 Nc3: Unusual Black 3rd moves and 3...dxe4.} 11. Rg4 $5 {[%emt 0:00:00][%mdl 4] An interesting side line.} Bf6 12. h4 {[%emt 0:00:00] [#]} Qe7 $146 {[%emt 0:05:04] White is slightly better.} ({Predecessor:} 12... c6 13. Qe2 Qa5 14. c4 O-O 15. Bd2 Qf5 16. Re4 h5 17. Rd1 Rfd8 18. Bg5 Bxg5 19. Nxg5 {1-0 (34) Ivic,V (2610)-Markus,R (2627) Belgrade 2022}) 13. c4 O-O-O (13... c5 $5 ) 14. Qa4 Kb8 15. Be3 h5 16. Re4 Nb6 17. Qb3 (17. Qc2 $5 ) 17... Qd7 18. Ne5 {[%emt 0:04:44] Against Qc6} Bxe5 19. Rxe5 Qa4 20. Qxa4 Nxa4 21. b3 Nb6 22. f3 Nc8 23. Re1 b6 24. Bf2 Ne7 25. d5 Ng6 26. Rg5 exd5 27. cxd5 Rh6 28. Bg3 {[%emt 0:05:45] White is more active.} ({Better is} 28. Re4 $1 $14) 28... Kb7 $11 29. Rf5 Rd7 30. b4 a6 31. a4 f6 32. d6 {[%emt 0:00:13] Against Ne7} cxd6 33. Rd5 Rh8 (33... Kc6 {looks sharper.} 34. Red1 Ne5 35. b5+ axb5 36. axb5+ Kc7) 34. Red1 Rhd8 35. Rxh5 d5 36. Rh7 d4 37. h5 Nf8 38. Rh8 Ne6 39. Rxd8 Nxd8 {[%emt 0:01:09][%mdl 4096] Endgame KRB-KRN} 40. Be1 Nc6 41. Kf2 b5 42. axb5 axb5 43. f4 f5 44. Kf3 Rd8 45. Bf2 Ra8 46. Bxd4 Rd8 47. Ke3 {[%emt 0:00:00] Strongly threatening Rd2.} Nxb4 {[%emt 0:00:59] [#] White must now prevent ...Nc2+.} 48. Ke2 Re8+ 49. Be5 {[%emt 0:00:00] Threatens to win with Rd7+.} Nc6 ({Black should try} 49... Rh8 $1 $14) 50. Rd7+ $16 Ka6 $2 {[%emt 0:00:47][%mdl 8192] A mistake that costs the game.} (50... Kb6 $16) 51. Rxg7 $18 Nxe5 52. fxe5 {[%emt 0:00:00] h6 is the strong threat.} Rxe5+ {[%emt 0:00:06] KR-KR} 53. Kf3 b4 {[%emt 0:00:57] [#]} 54. h6 $1 Re1 55. Rg3 Re8 56. Kf4 Rf8 57. Rh3 Rh8 58. Kxf5 b3 59. Rxb3 Rxh6 60. g4 {[%emt 0:00:00] Weighted Error Value: White=0.05 (flawless) /Black=0.26 (precise)} 1-0

[Event "German Bundesliga 2021-22"]
[Site "Germany"]
[Date "2022.04.30"]
[Round "5.12"]
[White "Kollars, Dmitrij"]
[Black "Bruedigam, Martin"]
[Result "1-0"]
[ECO "C50"]
[WhiteElo "2635"]
[BlackElo "2386"]
[Annotator "TA"]
[PlyCount "97"]
[EventDate "2022.03.05"]
[EventType "team-tourn"]
[EventCountry "GER"]
[SourceTitle "playchess.com"]
[Source "ChessBase"]
[SourceQuality "1"]
[TimeControl "40/5400+30:1800+30"]

1. e4 e5 2. Nf3 Nc6 3. Bc4 Bc5 4. d3 Nf6 5. Nc3 a6 6. Bg5 h6 7. Bxf6 Qxf6 8. Nd5 Qd8 9. c3 d6 10. d4 Ba7 {[%emt 0:00:00] The main line 10...Ba7 scores better than 10...exd4.} 11. dxe5 dxe5 {[%emt 0:51:00] C50: Hungarian Defence and Giuoco Pianissimo.} ({Black should play} 11... Nxe5 $11 12. Nxe5 dxe5) 12. Qe2 $14 Bc5 13. Rd1 {[%emt 0:00:00][%cal Od5b6] Strongly threatening Nb6!} Bd6 {[%emt 0:03:30] White is slightly better.} 14. O-O O-O {[%emt 0:02:30] [#]} 15. a4 $146 ({Predecessor:} 15. Rd2 Be6 16. Rfd1 Qe8 17. b4 Rd8 18. Nh4 Qd7 19. Rd3 Ne7 20. Rg3 Bxd5 21. Bxd5 {1-0 (33) Balajayeva,K (2358)-Olsarova,K (2264) Antalya 2019}) 15... a5 16. Rd2 {[%emt 0:16:30] White is much more active. The black rooks are badly placed.} Bg4 17. Rfd1 Bxf3 18. Qxf3 Qg5 19. g3 Rad8 20. Ne3 Kh8 (20... Bc5 $16 {was called for.}) 21. Bd5 $18 (21. Bxf7 $2 Qe7 22. Rd5 b6 $19) 21... Qe7 22. Bxc6 bxc6 23. Nc4 Qe6 24. Qe2 f5 (24... f6 $16 25. Kg2 (25. Nxa5 Ra8 $16) 25... c5) 25. Nxa5 Ra8 {[%emt 0:01:33] [#]} 26. exf5 $1 Qxf5 27. Nc4 Rxa4 28. Nxd6 cxd6 29. Rxd6 Re4 30. Qd2 Qf3 {[%emt 0:01:07] [#] And now ...Re2 would win.} 31. Re1 {[%emt 0:01:30] Inhibits Re2.} Rxe1+ 32. Qxe1 $16 {[%emt 0:00:30][%mdl 4096] Endgame KQR-KQR} Ra8 (32... Kh7 $16 33. c4 Ra8) 33. Qd1 $18 Qe4 34. h4 c5 35. Rd2 c4 36. Kh2 Qc6 (36... Kh7 $16 37. h5 Rc8) 37. Qg4 Rf8 (37... Re8 $16 38. Kg1 e4) 38. Kg1 Ra8 39. Rd1 {[%emt 0:01:06] Prevents Ra1.} Kg8 40. Qf5 Re8 41. Rd7 {[%emt 0:00:00] White threatens Qf7+ and mate.} Qf6 {[%emt 0:11:39] Inhibits Qf7+.} 42. Qe4 Qe6 $2 (42... Rc8 {was necessary.} 43. Rd5 Qb6 44. Qxe5 Rf8) 43. Rc7 {[%emt 0:00:00] White is clearly winning.} Rc8 (43... Rd8 $142 44. Qxc4 Qxc4 45. Rxc4 Kf7) 44. Rxc8+ Qxc8 45. Qxe5 Qc6 46. b4 cxb3 47. Qb8+ Kh7 48. Qxb3 g5 49. Qf7+ {[%emt 0:00:00] Weighted Error Value: White=0.09 (flawless) /Black=0.34} 1-0

[Event "German Bundesliga 2021-22"]
[Site "Germany"]
[Date "2022.04.30"]
[Round "5.12"]
[White "Lemmers, Oscar"]
[Black "Neiksans, Arturs"]
[Result "1/2-1/2"]
[ECO "B22"]
[WhiteElo "2346"]
[BlackElo "2577"]
[Annotator "TA"]
[PlyCount "51"]
[EventDate "2022.03.05"]
[EventType "team-tourn"]
[EventCountry "GER"]
[SourceTitle "playchess.com"]
[Source "ChessBase"]
[SourceQuality "1"]
[TimeControl "40/5400+30:1800+30"]

1. e4 c5 2. c3 Nf6 3. e5 Nd5 4. d4 cxd4 5. Nf3 d6 6. Bc4 Nb6 7. Bb3 dxe5 8. Nxe5 e6 9. cxd4 Nc6 {[%emt 0:05:49] B22: Sicilian: 2 c3.} 10. Nf3 Be7 11. Nc3 O-O 12. O-O Bf6 13. Be3 Nd5 14. Ne4 Be7 15. Rc1 Qb6 {[%emt 0:01:42] [#]} 16. Nc3 $146 ({Predecessor:} 16. Qe2 Bd7 17. Nc3 Nxe3 18. fxe3 Rac8 19. Bc2 Qa5 20. Bb1 Qh5 21. Qf2 b6 22. Rcd1 Rcd8 23. a3 {½-½ (47) Conquest,S (2563)-Nedev,T (2511) Novi Sad 2009}) 16... Rd8 17. Qe2 Qa5 (17... Bf6 $11 {remains equal.}) 18. Nxd5 $16 exd5 19. Bd2 (19. Bg5 {is interesting.} Bxg5 20. Nxg5 Bf5 21. Nxf7 Kxf7 22. Rc5) 19... Bb4 20. Bxb4 Qxb4 21. Qd3 g6 (21... Bg4 $5 ) 22. Rc5 Bf5 23. Qc3 (23. Qe3 $14) 23... Qxc3 $11 {[%emt 0:00:10] The position is equal.} 24. bxc3 Be6 25. Ba4 Rd6 26. Bxc6 {[%emt 0:03:39] Weighted Error Value: White=0.12 (very precise) /Black=0.11 (very precise)} 1/2-1/2

[Event "German Bundesliga 2021-22"]
[Site "Germany"]
[Date "2022.04.30"]
[Round "5.13"]
[White "Dardha, Daniel"]
[Black "Klein, Felix"]
[Result "1-0"]
[ECO "A13"]
[WhiteElo "2541"]
[BlackElo "2288"]
[Annotator "TA"]
[PlyCount "95"]
[EventDate "2022.03.05"]
[EventType "team-tourn"]
[EventCountry "GER"]
[SourceTitle "playchess.com"]
[Source "ChessBase"]
[SourceQuality "1"]
[TimeControl "40/5400+30:1800+30"]

1. c4 e6 2. g3 d5 3. Bg2 Nf6 4. d4 c6 5. Nd2 Nbd7 6. Ngf3 Bd6 7. Qc2 O-O 8. O-O e5 9. cxd5 cxd5 10. dxe5 Nxe5 11. Nxe5 Bxe5 12. Nf3 Bd6 13. Be3 {[%emt 0:00:00] E01: Catalan: Early deviations.} Be6 14. Bd4 Ne4 {[%emt 0:04:31] Inhibits Ng5.} 15. Rad1 {[%emt 0:01:47] White is slightly better.} Qe7 {[%emt 0:03:48] [#]} 16. Nd2 $146 ({Predecessor:} 16. Be3 f5 17. Nd4 Bd7 18. Qb3 Bc6 19. Nb5 Bb8 20. Nc3 Kh8 21. Nxd5 Qe8 22. Nc3 {1-0 (34) Pinheiro,J (2336)-Bochecha,L Evora 2006}) 16... f5 17. e3 Rfd8 18. f3 Nf6 19. Nb3 Rac8 20. Qf2 b6 21. Nc1 Bf7 22. Bh3 g6 23. Nd3 Rc7 24. Rc1 Rdc8 25. Rxc7 Rxc7 26. Rd1 Nd7 27. f4 Nc5 28. Qe2 Ne4 29. Bg2 h5 30. Ne5 Bc5 31. Bxe4 dxe4 32. Bc3 Bb4 (32... Kh7 $11 {keeps the balance.}) 33. Nxf7 $16 {[%emt 0:01:24] White is more active.} Bxc3 34. Nh6+ Kh7 {[%emt 0:00:38] [#]} 35. Nxf5 Qe6 (35... Qc5 36. bxc3) 36. Nh4 {[%emt 0:02:23] Strongly threatening f5.} Qxa2 $2 {[%emt 0:01:21] Black cannot hold the game after this.} (36... Bf6 $16) 37. f5 $18 Qxb2 38. fxg6+ {[%emt 0:00:23] White mates.} Kh6 39. Qf1 Be5 40. Qf8+ Kg5 41. g7 Rxg7 42. Rf1 Qc3 43. Rf5+ Kg4 44. Kg2 Qd2+ 45. Rf2 Qd7 {[%emt 0:00:00] [#]} 46. Qf4+ $3 Bxf4 47. exf4 e3 48. h3# {[%emt 0:00:00] Weighted Error Value: White=0.06 (flawless) /Black=0.33} 1-0

[Event "German Bundesliga 2021-22"]
[Site "Germany"]
[Date "2022.04.30"]
[Round "5.13"]
[White "Svane, Frederik"]
[Black "Fedorchuk, Sergey A."]
[Result "1/2-1/2"]
[ECO "B31"]
[WhiteElo "2496"]
[BlackElo "2605"]
[Annotator "TA"]
[PlyCount "301"]
[EventDate "2022.03.05"]
[EventType "team-tourn"]
[EventCountry "GER"]
[SourceTitle "playchess.com"]
[Source "ChessBase"]
[SourceQuality "1"]
[TimeControl "40/5400+30:1800+30"]

1. e4 c5 2. Nf3 Nc6 3. Bb5 g6 4. O-O Bg7 5. Re1 e5 6. Bxc6 dxc6 7. d3 Qc7 8. Be3 b6 9. a3 a5 10. Nbd2 a4 11. b4 axb3 12. cxb3 Nf6 13. Nc4 Ng4 14. Bd2 Be6 15. Qc2 O-O 16. h3 Bxc4 17. Qxc4 Nf6 18. a4 Nd7 19. Rec1 Rfd8 20. Bg5 Rdb8 21. Be3 Qd6 22. Qc3 Bf8 23. a5 b5 24. b4 cxb4 25. Qxc6 b3 26. Qc3 Qb4 27. Qb2 Nc5 28. Bxc5 Bxc5 29. Rc3 Rxa5 30. Rxa5 Bd4 31. Rxb3 Qxa5 32. Nxd4 exd4 33. Qxd4 b4 34. Qc4 Qa1+ 35. Kh2 Qe5+ 36. g3 Qe7 37. Kg2 h5 38. h4 Kh7 39. Rb2 Qb7 40. Rb3 Qe7 41. Kf3 Qb7 42. Ke3 Kh6 43. Qc5 Kh7 44. d4 Qa6 45. Qc2 Qb5 46. Qd3 Qc6 47. Rb1 Rb7 48. d5 Qd6 49. Qd4 b3 50. Qc3 Qb6+ 51. Kf3 b2 52. Kg2 Qb4 53. Qxb4 Rxb4 54. Kf3 Kg7 55. Ke3 f5 56. exf5 gxf5 57. Kd3 Kf6 58. Kc3 Rb5 59. Rxb2 Rxd5 60. Rb6+ Kg7 61. Rb4 Rd1 62. Rd4 Rf1 63. Rf4 Kf6 64. Kd2 Ra1 65. Rb4 Ra3 66. Rb8 Kg7 67. Rb4 Kf6 68. Ke2 Kg6 69. Rd4 Rb3 70. Rd3 Rb4 71. Rd6+ Kg7 72. Ke3 Re4+ 73. Kd3 Re1 74. Rd4 Kf6 75. Rc4 Re6 76. Rc8 Kg7 77. Rc3 Kf6 78. Kd2 Re4 79. Re3 Ra4 80. Re8 Kg7 81. Ke3 Rb4 82. Rd8 Re4+ 83. Kd3 Re1 84. Rc8 Re4 85. Rc4 Re1 86. Rc3 (86. Rc7+ $16 Kf6 87. Rc6+ Kg7 88. Rc5) 86... Kf6 (86... f4 $1 $11) 87. Rc2 (87. Rc6+ $16 Kg7 88. Rc5) 87... Re4 (87... f4 $1 $11) 88. Rb2 Ra4 89. Rb6+ Kg7 90. Rb5 Kf6 91. Rc5 ({Better is} 91. Ke3 $16) 91... Re4 (91... f4 $11) 92. Rc2 Kg6 93. Re2 ({White should play} 93. Ra2 $16) 93... Ra4 $11 94. Re6+ Kg7 95. Ke3 Rb4 (95... f4+ $1 $11 96. gxf4 Ra3+ 97. Ke4 Rh3) 96. f3 Ra4 97. Rd6 Rb4 98. Rd4 Rb6 99. Rd5 Kf6 100. Rd8 Rb3+ 101. Rd3 (101. Kf2 $16) 101... Rb4 (101... Rxd3+ $1 $11 102. Kxd3 Ke7) 102. Rc3 Ra4 103. Kd3 (103. Rc6+ $16 Ke5 104. Rc3 (104. Rc5+ Kf6 $16)) 103... Kg6 (103... f4 $1 $11) 104. Ke3 Kf6 $1 105. Rb3 Kg6 106. Rd3 Kf6 107. Rd6+ Kg7 108. Rc6 Rb4 109. Ra6 Rc4 110. Kd3 Rb4 111. Ra3 (111. Ra5 $16) 111... Kf6 (111... f4 $11 {keeps the balance.}) 112. Kc3 Rb6 113. Ra8 (113. Kd2 $16) 113... Kg7 $1 $11 114. Ra7+ Kg6 (114... Kh6 $11) 115. Ra8 (115. f4 $16) 115... Kg7 $11 116. Ra5 Kf6 (116... Rg6 $1 $11) 117. Kc4 Rd6 118. Ra3 (118. f4 $16) 118... Rd1 (118... f4 $1 $11 {remains equal.}) 119. Ra6+ $16 Kg7 {[%emt 0:00:30] [#]} 120. f4 $1 Rg1 121. Ra3 Kf6 122. Kd4 Rd1+ 123. Rd3 Ra1 124. Kc5 Ra5+ 125. Kc6 Ra6+ 126. Kd7 Ra7+ {[%emt 0:00:30] [#]} 127. Ke8 (127. Kd6 $1 $16) 127... Ra8+ $11 128. Rd8 Ra3 129. Kf8 Ra6 130. Kg8 Kg6 131. Kf8 Kf6 132. Ke8 Ke6 133. Rb8 Rc6 134. Kd8 Rc3 135. Rb6+ Kf7 136. Rh6 Rxg3 137. Rxh5 Rd3+ 138. Kc7 Kg6 139. Rg5+ Kf6 140. h5 Rf3 141. h6 Rh3 142. Kd6 Rxh6 143. Rg3 Rh1 144. Rf3 Re1 145. Kd5 Re4 146. Rf1 Kg6 147. Rg1+ Kf6 148. Rf1 Kg6 149. Rg1+ $1 Kf6 150. Rf1 Kg6 151. Rg1+ 1/2-1/2

[Event "German Bundesliga 2021-22"]
[Site "Germany"]
[Date "2022.04.30"]
[Round "5.13"]
[White "Boensch, Uwe"]
[Black "Berchtenbreiter, Maximilian"]
[Result "1-0"]
[ECO "A43"]
[WhiteElo "2494"]
[BlackElo "2506"]
[Annotator "TA"]
[PlyCount "59"]
[EventDate "2022.03.05"]
[EventType "team-tourn"]
[EventCountry "GER"]
[SourceTitle "playchess.com"]
[Source "ChessBase"]
[SourceQuality "1"]
[TimeControl "40/5400+30:1800+30"]

1. d4 g6 2. c4 Bg7 3. e4 c5 4. d5 d6 5. Bd3 e6 6. Nf3 {[%emt 0:00:00] A43: Schmid Benoni.} exd5 7. cxd5 (7. exd5 {is more complex.} Bg4 8. O-O Nd7 9. Nbd2) 7... Bg4 8. Nbd2 (8. Qa4+ $16 Nd7 9. Nfd2) 8... Nd7 9. O-O Ne7 (9... Ngf6 $11) 10. h3 $14 Bxf3 11. Nxf3 O-O 12. Rb1 {[%emt 0:00:22] [#]} Rc8 $146 ({Predecessor:} 12... h6 13. Re1 g5 14. Nh2 Ne5 15. Nf1 f5 16. exf5 Nxf5 17. Bxf5 Rxf5 18. Ne3 Rf7 {0-1 (53) Livner,A (2324)-Gdanski,J (2542) Sweden 2010}) 13. Bc4 a6 14. a4 Rb8 15. Qd3 Nc8 16. Bd2 Ncb6 17. b3 Re8 18. a5 Nxc4 19. bxc4 b6 (19... Qe7 $14) 20. axb6 $16 Qe7 21. b7 {[%emt 0:04:47] [#] Strongly threatening Qb3.} Nf6 (21... Ne5 $1 $14 22. Nxe5 Bxe5) 22. Qb3 {[%emt 0:32:50] White is much more active.} (22. Rfe1 $16 {Hoping for e5.} Rxb7 23. e5 Rxb1 24. Qxb1 dxe5 25. Nxe5 (25. Rxe5 Qa7 $16)) 22... Qd7 $2 {[%emt 0:07:15] This move loses the game for Black.} (22... Nxe4 $14 23. Rfe1 Nxd2 24. Rxe7 Nxb3 25. Rxe8+ Rxe8) 23. Qb6 Re7 {[%emt 0:03:17] Inhibits e5.} (23... Nxe4 {might work better.} 24. Bf4 (24. Qxa6 Nxd2 25. Nxd2 Bc3 $16) 24... Bc3) 24. e5 $18 ({Resist} 24. Qxa6 Ne8 25. e5 (25. Bg5 f6 $16) 25... dxe5 $18) 24... dxe5 25. Bg5 ({Weaker is} 25. Qxc5 Rxb7 26. Rxb7 Qxb7 $18) 25... Rxb7 26. Qxa6 (26. Qxc5 Re8 27. Nd2 Rc7 $16) 26... Ra7 27. Qb6 Qf5 {[%emt 0:03:11] [#]} (27... e4 28. Nd2 (28. Bxf6 Bxf6 29. Qxf6 exf3 $18) 28... Ra2 29. Qxc5 h6) 28. Qb8+ Bf8 29. Rb6 Ne4 30. Bh6 {[%emt 0:01:04] Weighted Error Value: White=0.21 (precise) /Black=0.61} 1-0

[Event "German Bundesliga 2021-22"]
[Site "Germany"]
[Date "2022.04.30"]
[Round "5.13"]
[White "Fruebing, Stefan"]
[Black "Kozul, Zdenko"]
[Result "0-1"]
[ECO "B42"]
[WhiteElo "2374"]
[BlackElo "2619"]
[Annotator "TA"]
[PlyCount "64"]
[EventDate "2022.03.05"]
[EventType "team-tourn"]
[EventCountry "GER"]
[SourceTitle "playchess.com"]
[Source "ChessBase"]
[SourceQuality "1"]
[TimeControl "40/5400+30:1800+30"]

1. e4 c5 2. Nf3 e6 3. d4 cxd4 4. Nxd4 a6 5. Bd3 d6 6. O-O Nf6 7. Qe2 Nbd7 {[%emt 0:00:00] B42: Sicilian: Kan Variation: 5 Bd3.} 8. c4 g6 9. b3 Bg7 {[%emt 0:01:00] The position is equal.} 10. Bb2 O-O 11. Nc3 Re8 {[%emt 0:15:30][%cal Od6d5] [#]} 12. f4 $146 (12. Rfe1 {is superior.}) ({Predecessor:} 12. Rad1 b6 13. Bb1 Bb7 14. Nf3 Qc7 15. Qd2 Bf8 16. Rfe1 Rad8 17. Qd4 Bc6 18. h3 {1-0 (35) Gelashvili,T (2612)-Arsovic,G (2469) Kavala 2008}) 12... Qb6 13. Na4 Qa7 {[%emt 0:00:00] White must now prevent ...e5.} 14. Kh1 $1 e5 15. fxe5 Nxe5 16. Rae1 (16. Nc2 {keeps more tension.} b5 17. cxb5 Bg4 18. Qd2) 16... Bd7 17. Bc2 {[%emt 0:05:30] [#]} (17. Nf3 $11) 17... Bxa4 ({Better is} 17... b5 $1 $17 18. cxb5 axb5 19. Nxb5 Qb8) 18. bxa4 $15 Qc5 19. Nf3 $1 Nfd7 {[%emt 0:05:30] Black is much more active. Pair of Knights!} ({Much worse is} 19... Qxc4 20. Nxe5 Qxe2 21. Rxe2 $11) 20. Bb3 Re7 21. Rd1 Rae8 22. Rd5 Qc7 23. Ba3 Nc5 24. Rfd1 $2 {[%emt 0:04:29][%mdl 8192] Now White is beyond hope.} (24. Nxe5 $17 Rxe5 25. Qd1) 24... Ng4 $19 25. Bxc5 dxc5 26. Bc2 Nf6 (26... Bd4 $142 {Hoping for ...Nf2+.} 27. Rf1 f5) 27. Rd6 Nxe4 28. Bxe4 Rxe4 29. Qd3 Bd4 30. Rd5 Re2 {[%emt 0:00:18] ...R8e3 is the strong threat.} 31. Qa3 (31. Qb1) 31... R8e3 32. Qc1 {[%emt 0:00:15] [#]} Rxf3 $1 {[%emt 0:00:57][%mdl 512] Weighted Error Value: White=0.76/Black=0.14 (very precise)} 0-1

[Event "German Bundesliga 2021-22"]
[Site "Germany"]
[Date "2022.04.30"]
[Round "5.14"]
[White "Braun, Arik"]
[Black "Heinemann, Thies"]
[Result "1-0"]
[ECO "A45"]
[WhiteElo "2587"]
[BlackElo "2495"]
[Annotator "TA"]
[PlyCount "109"]
[EventDate "2022.03.05"]
[EventType "team-tourn"]
[EventCountry "GER"]
[SourceTitle "playchess.com"]
[Source "ChessBase"]
[SourceQuality "1"]
[TimeControl "40/5400+30:1800+30"]

1. d4 Nf6 2. Bg5 e6 3. Nd2 c5 4. e3 h6 5. Bh4 cxd4 6. exd4 Be7 7. Ngf3 b6 {[%emt 0:00:50] A46: 1 d4 Nf6 2 Nf3 e6: Torre, London and Colle Systems.} 8. Bd3 Ba6 9. Bxf6 $5 {[%emt 0:07:58][%mdl 4] Exploring less charted territory.} Bxf6 {[%emt 0:00:46] [#] The position is equal.} 10. Qe2 $146 ({Predecessor:} 10. Ne4 O-O 11. O-O Bxd3 12. Qxd3 Nc6 13. d5 Bxb2 14. dxc6 Bxa1 15. Rxa1 dxc6 16. Qe2 {0-1 (28) Lipka,J (2426)-Stohl,I (2534) Czech Republic 2001}) 10... Bxd3 11. Qxd3 Nc6 12. c3 d5 13. Nb3 Qc7 14. h4 h5 15. g3 g6 16. O-O Ne7 17. Qe2 Nf5 18. Nc1 O-O (18... Rg8 $5 ) 19. Nd3 b5 20. a4 a6 21. Rfc1 Qd6 22. axb5 axb5 23. b4 Qc7 {[%emt 0:04:35] White must now prevent ...Rxa1.} 24. Nc5 Nd6 25. Ra2 Rxa2 26. Qxa2 Ne4 27. Qe2 Qc6 28. Qe1 Bg7 $1 29. Ra1 Ra8 {[%emt 0:01:04] Inhibits Ra6.} 30. Rxa8+ Qxa8 31. Nxe4 dxe4 32. Ng5 e5 33. dxe5 Bxe5 34. Nxe4 Qd5 (34... Qc6 $11) 35. Nc5 (35. Ng5 $1 $14) 35... Kh7 36. Qe3 Bg7 (36... Kg8 $11) 37. Ne4 $14 Qc6 (37... Kg8 $14) 38. Qd3 (38. Ng5+ $18 {and White stays clearly on top.} Kg8 39. Qe7) 38... Be5 $16 39. Nc5 Kg7 (39... Kg8 $142) 40. c4 $1 bxc4 41. Qxc4 Qd6 42. Kg2 {[%emt 0:00:00] White is more active.} Bd4 43. Nd3 Kg8 (43... Qd7 $16) 44. Nf4 {[%emt 0:00:00][%cal Of4g6] aiming for Nxg6!} Kg7 (44... Ba7 $16 {was necessary.} 45. Qc8+ Kg7) 45. b5 $1 $18 {[%emt 0:00:00][%cal Bb4b5,Bb5b6][%mdl 32] And now Nd5 would win.} Qe5 (45... Qd7 {was worth a try.} 46. Qd5 Qa7) 46. Qd5 Qf6 {[%emt 0:04:05] [#]} 47. Qc6 Ba7 $2 (47... Be5 $18 48. Nd5 Qf5) 48. Qxf6+ Kxf6 {[%emt 0:00:01] KB-KN} 49. b6 Bb8 50. Nd5+ Ke6 {[%emt 0:01:42] [#]} 51. Nb4 $1 {[%emt 0:00:00] b7 would kill now.} Kd7 52. Na6 Kc8 53. Nxb8 {[%emt 0:00:00] White mates.} Kxb8 54. Kf3 Kb7 55. Ke4 {[%emt 0:00:00] Weighted Error Value: White=0.06 (flawless) /Black=0.46} 1-0

[Event "German Bundesliga 2021-22"]
[Site "Germany"]
[Date "2022.04.30"]
[Round "5.14"]
[White "Heimann, Andreas"]
[Black "Mueller, Nick"]
[Result "1/2-1/2"]
[ECO "D15"]
[WhiteElo "2581"]
[BlackElo "2375"]
[Annotator "TA"]
[PlyCount "68"]
[EventDate "2022.03.05"]
[EventType "team-tourn"]
[EventCountry "GER"]
[SourceTitle "playchess.com"]
[Source "ChessBase"]
[SourceQuality "1"]
[TimeControl "40/5400+30:1800+30"]

1. d4 d5 2. c4 c6 3. Nf3 Nf6 4. e3 Bf5 5. Nc3 a6 6. Bd3 {[%emt 0:00:00] D15: Slav Defence: 4 Nc3 a6 and gambit lines after 4 Nc3 dxc4.} Bxd3 7. Qxd3 e6 8. O-O Nbd7 9. e4 dxe4 10. Nxe4 Nxe4 11. Qxe4 Be7 12. Bf4 O-O 13. Rad1 Qa5 14. Qc2 Rac8 {[%emt 0:09:30] [#]} 15. Rfe1 $146 ({Predecessor:} 15. a3 Rfe8 16. Rfe1 Bf6 17. b4 Qh5 18. h3 a5 19. Qe4 axb4 20. axb4 Qg6 21. Qxg6 hxg6 {0-1 (47) Shulman,Y (2542)-Zhou,W (2616) Ningbo 2013}) 15... Rfd8 16. a3 Nf8 17. Be5 Bd6 18. b4 Qc7 (18... Qxa3 $2 19. Bxd6 Rxd6 20. Ra1 Qxb4 21. Reb1 Qxb1+ 22. Rxb1 $18) 19. c5 Bxe5 20. dxe5 Rd5 21. h4 Rcd8 22. h5 h6 23. Rxd5 Rxd5 24. Qe4 Qd8 25. Qf4 Rd3 26. Re3 Qd5 27. g4 Rd1+ 28. Kg2 Nh7 $1 29. Qe4 Ng5 (29... Qd8 $15) 30. Qxd5 $11 {[%emt 0:01:50] The position is equal.} cxd5 31. Re1 Rd3 32. Re3 Rd1 33. Re1 Rd3 34. Re3 Rd1 {[%emt 0:00:07] Weighted Error Value: White=0.06 (flawless) /Black=0.05 (flawless)} 1/2-1/2